 Dungeon Crawl Stone Soup version 0.15-a0-1909-gd9acbb9 (webtiles) character file.

2300 Amnesiac the Cruncher (level 9, -4/57 HPs)
             Began as a Mummy Wizard on July 6, 2014.
             Was a Believer of Dithmenos.
             Slain by an unseen horror (10 damage)
             ... on Level 7 of the Dungeon.
             The game lasted 00:29:53 (9244 turns).

Amnesiac the Cruncher (Mummy Wizard)                Turns: 9244, Time: 00:29:53

HP  -4/57        AC  4     Str 10      XL: 9   Next: 17%
MP   0/19        EV 12     Int 17      God: Dithmenos [**....]
Gold 351         SH  0     Dex 13      Spells:  5 memorised,  6 levels left

rFire  . . .     SeeInvis .     o - +0 quarterstaff
rCold  . . .     Clarity  .     a - +0 robe
rNeg   + + +     rCorr    .     (no shield)
rPois  +         rRot     +     b - +0 hat
rElec  .         Spirit   +     t - +0 cloak
SustAb .         Warding  .     m - +0 pair of gloves
rMut   .         Stasis   .     (no boots)
Gourm  .                        n - cursed amulet of guardian spirit
MR     +....                    q - ring of wizardry
                                h - ring of fire

@: wreathed by umbra, repel missiles, somewhat resistant to hostile
enchantments, unstealthy
A: no food or potions, fire vulnerability, restore body, cold resistance 1,
negative energy resistance 3, poison resistance, torment resistance, unbreathing
a: Shadow Step, Renounce Religion


You were on level 7 of the Dungeon.
You worshipped Dithmenos.
Dithmenos was pleased with you.
You were not hungry.

You visited 1 branch of the dungeon, and saw 7 of its levels.

You collected 351 gold pieces.

Inventory:

Hand weapons
 o - a +0 quarterstaff (weapon)
Missiles
 r - 16 poisoned needles
Armour
 a - a +0 robe (worn)
 b - a +0 hat (worn)
 d - a cursed +0 helmet
 m - a +0 pair of gloves (worn)
 t - a +0 cloak (worn)
Magical devices
 p - a wand of random effects (17) {unknown}
 s - a wand of disintegration (15) {unknown}
 u - a wand of frost (7)
Scrolls
 e - 6 scrolls of identify
 f - 5 scrolls of remove curse
 g - 7 scrolls of magic mapping
 k - a scroll of noise
 l - a scroll of amnesia
Jewellery
 h - a ring of fire (left hand)
 i - an uncursed ring of teleportation
 j - an uncursed ring of ice
 n - a cursed amulet of guardian spirit (around neck)
 q - a ring of wizardry (right hand)
Books
 c - a book of Minor Magic

   Spells                             Type                      Level
   *Magic Dart                        Conjuration                  1
   *Blink                             Translocation                2
   *Call Imp                          Summoning                    2
   *Repel Missiles                    Charms/Air                   2
   Slow                               Hexes                        2
   Conjure Flame                      Conjuration/Fire             3
   *Mephitic Cloud                    Conjuration/Poison/Air       3


   Skills:
 + Level 9.4 Staves
 - Level 1.5 Dodging
 - Level 1.5 Stealth
 - Level 4.0 Spellcasting
 - Level 1.0 Conjurations
 - Level 1.0 Summonings
 - Level 1.5 Translocations
   Level 1.0 Fire Magic
 - Level 1.0 Air Magic
 - Level 1.0 Poison Magic


You had 6 spell levels left.
You knew the following spells:

 Your Spells              Type           Power        Failure   Level  Hunger
a - Repel Missiles        Chrm/Air       #.....       9%          2    N/A
b - Blink                 Tloc           N/A          6%          2    N/A
d - Call Imp              Summ           #.......     7%          2    N/A
e - Mephitic Cloud        Conj/Pois/Air  #.......     12%         3    N/A
z - Magic Dart            Conj           #...         4%          1    N/A

Dungeon Overview and Level Annotations

Branches:
Dungeon (7/15)
 Temple: D:4-7

Altars:
Cheibriados
Dithmenos
Kikubaaqudgha
Qazlal
Sif Muna
Trog
Xom
Zin


Innate Abilities, Weirdness & Mutations

You do not eat or drink.
Your flesh is vulnerable to fire.
Your flesh is cold resistant.
You are immune to negative energy.
Your system is resistant to poisons.
You are immune to unholy pain and torment.
You can survive without breathing.


Message History

Something hits you but does no damage.
You hear a distant slurping noise.
Read which item? (? for menu, Esc to quit)
Okay, then.
You can't drink.
Unknown command.
A jelly comes into view.
A hound comes into view.
Something hits you.
* * * LOW HITPOINT WARNING * * *
Casting: Magic Dart
Confirm with . or Enter, or press ? or * to list all spells.
Aiming: Mephitic Cloud
Press: ? - help, Shift-Dir - straight line The beam explodes into a vile cloud!
Something hits you.
* * * LOW HITPOINT WARNING * * *
A giant frog comes into view.
Unknown command.
Something hits you!
You die...

# ..#...#.# #........
#?###.#.....# #.#######
#.§...#.....## #.# ## #
#..$..#.....#...###.# #...
#$###b#h###.#....##.# #.##
#.....#.....#.....#.# #. #
#.....#.....#....# ##.##
#.###b#.###.#....###...#
..#..§.J#@....#...........
..F...§§§...........###....
.....§.§........#..# ##.#.
....#.#..###...##..####.#.
...##....# #.###.........
.# ###..# .# ##.######.
...# # #.######. ##.#.
#.#...... #.#. #.#.#####


You could see a giant frog.

Vanquished Creatures
  The ghost of WhatIsLove the Hoplite, an experienced FoFi (D:5)
  Prince Ribbit (D:6)
  A sky beast (D:7)
  A phantom (D:4)
  A necrophage (D:6)
  An ogre (D:6)
  2 centaurs (D:6)
  3 giant frogs
  A scorpion (D:6)
  A goliath beetle (D:6)
  2 crimson imps
  A hound (D:5)
  2 jellies (D:6)
  8 orc priests
  2 iguanas
  A giant frog skeleton (D:5)
  4 orc wizards
  A black bear skeleton (D:6)
  7 worker ants
  The ghost of sclaes the Ruffian, a weakling MiMo (D:4)
  A hound skeleton (D:6)
  A mummy (D:4)
  5 adders
  4 gnolls (D:6)
  2 giant mites
  A worm (D:2)
  An adder skeleton (D:4)
  3 giant geckos
  27 orcs
  2 ball pythons
  A bat zombie (D:6)
  5 giant cockroaches
  9 hobgoblins
  7 jackals
  8 kobolds
  2 quokkas
  A ball python skeleton (D:4)
  17 bats
  A giant gecko skeleton (D:7)
  5 giant newts
  A giant spore (D:6)
  8 goblins
  A hobgoblin skeleton (D:3)
  2 hobgoblin zombies (D:4)
  3 orc zombies
  12 rats
  A ballistomycete (D:6)
173 creatures vanquished.

Vanquished Creatures (collateral kills)
  A jelly (D:6)
  A worm (D:2)
  A goblin (D:6)
3 creatures vanquished.

Vanquished Creatures (others)
  2 crimson imps (D:6)
  5 sheep (D:3)
  A hobgoblin (D:3)
8 creatures vanquished.

Grand Total: 184 creatures vanquished

Notes
Turn   | Place    | Note
--------------------------------------------------------------
     0 | D:1      | Amnesiac, the Mummy Wizard, began the quest for the Orb.
     0 | D:1      | Reached XP level 1. HP: 13/13 MP: 4/4
   181 | D:1      | Reached skill level 1 in Conjurations
   302 | D:1      | Reached XP level 2. HP: 19/19 MP: 0/6
  1435 | D:1      | Learned a level 2 spell: Call Imp
  1485 | D:2      | Reached XP level 3. HP: 12/24 MP: 0/8
  1815 | D:2      | Reached skill level 4 in Spellcasting
  1888 | D:2      | Learned a level 3 spell: Mephitic Cloud
  1892 | D:2      | Learned a level 3 spell: Conjure Flame
  2158 | D:2      | Reached skill level 1 in Summonings
  2901 | D:4      | Noticed sclaes' ghost (weakling MiMo)
  3305 | D:3      | Reached skill level 1 in Poison Magic
  3305 | D:3      | Reached XP level 4. HP: 30/30 MP: 0/11
  3409 | D:3      | Reached skill level 1 in Fire Magic
  3422 | D:3      | Found a shadowy altar of Dithmenos.
  3443 | D:3      | Became a worshipper of Dithmenos the Shadowed
  3463 | D:3      | Reached skill level 1 in Air Magic
  3953 | D:2      | Learned a level 2 spell: Repel Missiles
  3993 | D:3      | Reached skill level 1 in Staves
  4028 | D:3      | Reached XP level 5. HP: 26/35 MP: 7/13
  4070 | D:3      | Found a shimmering altar of Xom.
  4634 | D:4      | Killed sclaes' ghost
  4685 | D:4      | Reached XP level 6. HP: 36/41 MP: 12/15
  5130 | D:4      | Noticed a phantom
  5168 | D:4      | Killed a phantom
  5530 | D:5      | Entered Level 5 of the Dungeon
  5681 | D:5      | Found a snail-covered altar of Cheibriados.
  6082 | D:5      | Noticed WhatIsLove's ghost (experienced FoFi)
  6086 | D:5      | Was placed under penance by Dithmenos
  6092 | D:5      | Killed WhatIsLove's ghost
  6092 | D:5      | Reached skill level 5 in Staves
  6092 | D:5      | Reached XP level 7. HP: 10/46 MP: 14/17
  6221 | D:5      | Noticed an angel
  6223 | D:5      | Found a glowing silver altar of Zin.
  6223 | D:5      | Found a shimmering altar of Xom.
  6230 | D:5      | Reached skill level 6 in Staves
  6270 | D:5      | HP: 2/46 [orc priest/divine providence (17)]
  6471 | D:5      | Noticed a shadow demon
  6471 | D:5      | Noticed a shadow
  6471 | D:5      | Noticed a shadow
  6471 | D:5      | Noticed a shadow
  6473 | D:5      | Noticed a smoke demon
  6473 | D:5      | Found a deep blue altar of Sif Muna.
  6482 | D:5      | Was forgiven by Dithmenos
  6871 | D:6      | Noticed Prince Ribbit
  7015 | D:6      | Reached XP level 8. HP: 18/52 MP: 18/18
  7549 | D:5      | Reached skill level 7 in Staves
  7557 | D:5      | Acquired Dithmenos' first power
  8082 | D:6      | Learned a level 2 spell: Blink
  8198 | D:6      | Found an ancient bone altar of Kikubaaqudgha.
  8242 | D:6      | Reached skill level 1 in Translocations
  8249 | D:6      | Reached skill level 8 in Staves
  8276 | D:6      | Killed Prince Ribbit
  8356 | D:6      | Found a stormy altar of Qazlal.
  8537 | D:6      | Reached skill level 9 in Staves
  8537 | D:6      | Reached XP level 9. HP: 41/57 MP: 14/19
  8624 | D:6      | Found a bloodstained altar of Trog.
  9244 | D:7      | Slain by an unseen horror

Action                   |  1- 3 |  4- 6 |  7- 9 || total
-------------------------+-------+-------+-------++-------
Melee: Unarmed           |    54 |     2 |       ||    56
       Quarterstaff      |       |   252 |   402 ||   654
 Cast: Magic Dart        |   116 |    27 |    18 ||   161
       Call Imp          |     2 |     3 |     5 ||    10
       Conjure Flame     |     3 |     1 |       ||     4
       Mephitic Cloud    |     2 |     8 |    24 ||    34
       Repel Missiles    |       |     1 |     1 ||     2
       Blink             |       |       |     2 ||     2
Evoke: Wand              |       |     1 |       ||     1
  Use: Scroll            |     3 |       |     6 ||     9
 Stab: Confused          |     1 |     6 |    10 ||    17
       Sleeping          |       |     1 |       ||     1
